 Dungeon Crawl Stone Soup version 0.20.1-1-g8b1a95d (webtiles) character file.

5351 equalderp2856 the Cleaver (level 10, -1/86 HPs)
             Began as a Minotaur Fighter on Aug 17, 2017.
             Succumbed to Erica's bolt of poison
             ... on level 8 of the Dungeon.
             The game lasted 00:19:21 (8844 turns).

equalderp2856 the Cleaver (Minotaur Fighter)        Turns: 8844, Time: 00:19:21

Health: -1/86      AC: 12    Str: 21    XL:     10   Next: 38%
Magic:  9/9        EV:  9    Int:  5    God:
Gold:   353        SH: 11    Dex: 13    Spells: 9/9 levels left

rFire    . . .     SeeInvis .   a - +0 war axe
rCold    . . .     Gourm    .   c - +0 shield
rNeg     . . .     Faith    .   X - +0 chain mail (curse)
rPois    .         Spirit   .   (helmet restricted)
rElec    .         Reflect  .   (no cloak)
rCorr    .         Harm     .   G - +1 pair of gloves
MR       .....                  r - +0 pair of boots
Stlth    ..........             K - amulet of rage
Regen    0.3/turn               j - ring of stealth
MPRegen  0.2/turn               E - ring of wizardry

@: lethally poisoned (-1 -> -18)
A: retaliatory headbutt, horns 2, slimy green scales 1, deformed body, evolution
1
a: Evoke Berserk Rage


You were on level 8 of the Dungeon.
You were near starving.

You visited 1 branch of the dungeon, and saw 8 of its levels.
You also visited: Ossuary.

You collected 353 gold pieces.

Inventory:

Hand Weapons
 a - a +0 war axe (weapon)
 q - a +0 dagger of flaming
 w - a +0 hunting sling
 y - a +1 dagger of freezing
 A - a +2 scythe of freezing
 W - a +0 trident
Missiles
 g - 12 tomahawks
 k - 4 poisoned tomahawks
 n - 77 sling bullets
 o - 223 stones (quivered)
 p - 62 arrows
 v - 9 bolts
 x - 2 throwing nets
 Q - 54 poisoned needles
Armour
 b - a +0 scale mail
 c - a +0 shield (worn)
 h - a +0 buckler
 r - a +0 pair of boots (worn)
 F - a +1 pair of gloves
 G - a +1 pair of gloves (worn)
 X - a cursed +0 chain mail (worn)
Jewellery
 j - a ring of stealth (left hand)
 E - a ring of wizardry (right hand)
 K - an amulet of rage (around neck)
 Y - an uncursed ring of stealth
Wands
 J - a wand of polymorph (24/24)
 R - a wand of flame (17/48)
Scrolls
 s - 10 scrolls of identify
 z - a scroll of fog
 B - 4 scrolls of remove curse
 H - a scroll of magic mapping
 L - 2 scrolls of teleportation
 O - a scroll of blinking
 P - a scroll of immolation
 S - 4 scrolls of recharging
 U - a scroll of fear
Potions
 d - 2 potions of might
 e - 5 potions of flight
 l - 2 potions of berserk rage {unknown}
 m - a potion of haste {unknown}
 t - a potion of brilliance {unknown}
 u - a potion of cancellation {unknown}
 C - 3 potions of heal wounds
 D - 4 potions of curing {unknown}
 I - a potion of lignification {unknown}
 M - 3 potions of mutation
 N - 2 potions of degeneration {unknown}
 Z - 2 potions of agility {unknown}
Comestibles
 f - 6 bread rations
 i - 3 meat rations
 T - 2 royal jellies
 V - 4 fruits


   Skills:
 + Level 7.5 Fighting
 + Level 11.9 Axes
 + Level 8.6 Armour
 + Level 4.0 Dodging
 + Level 1.8 Stealth
 + Level 8.9 Shields
 + Level 0.6 Evocations


You had 9 spell levels left.
You didn't know any spells.

Dungeon Overview and Level Annotations

Branches:
Dungeon (8/15)             Temple (0/1) D:7
   Lair: D:8-11

Altars:
Cheibriados
Dithmenos
Elyvilon
Gozag
Hepliaklqana
Kikubaaqudgha
Makhleb
Sif Muna
Uskayaw
Xom
Yredelemnul

Shops:
D:5 (

Annotations:
D:8 Erica


Innate Abilities, Weirdness & Mutations

You reflexively headbutt those who attack you in melee.
You have a pair of horns on your head.
You are partially covered in slimy green scales. (AC +2)
Armour fits poorly on your strangely shaped body.
You evolve.


Message History

Something hits you but does no damage.
Your shield and chain mail prevent you from hitting something.
You headbutt something.
You feel sick.
You hear some strange, mumbled words.
A bolt of poison appears from out of thin air!
The bolt of poison hits you!
You are more poisoned.
* * * LOW HITPOINT WARNING * * *
Your shield and chain mail prevent you from hitting something.
Your headbutt misses something.
* * * LOW HITPOINT WARNING * * *
You feel sick. Something hits you but does no damage.
You miss something. Your headbutt misses something.
* * * LOW HITPOINT WARNING * * *
You feel sick. Something hits you!
* * * LOW HITPOINT WARNING * * *
Something burns you.
* * * LOW HITPOINT WARNING * * *
You closely miss something. You headbutt something.
You die...

####.##.#####.#.# #.
#....##.#.#
#.......#......#
#....##...##.###
#.#.####.##...#####.
.[.. ...............
### ######...######
#######{## .......@#
#########


There were no monsters in sight!

Vanquished Creatures
  2 two-headed ogres
  Pikel (D:6)
  Joseph (D:8)
  Sigmund (D:3)
  A steam dragon (D:7)
  Menkaure (D:6)
  Duvessa (D:6)
  A slave (D:6)
  An orc warrior (D:7)
  A black bear (D:5)
  5 ogres
  2 phantoms (D:4)
  3 centaurs (D:7)
  2 big kobolds (D:7)
  A wyvern zombie (D:6)
  Dowan (D:6)
  A scorpion (D:4)
  3 killer bees (D:7)
  A wight (D:6)
  9 crimson imps
  A bullfrog zombie (D:7)
  A centaur zombie (D:5)
  A jelly (D:5)
  3 orc priests
  2 hounds
  Terence (D:3)
  2 orc wizards
  6 worker ants
  5 big kobold zombies (Ossuary)
  A hound zombie (D:7)
  A hound skeleton (D:6)
  A mummy (Ossuary)
  A howler monkey zombie (D:6)
  4 gnolls
  17 adders
  A shadow imp (D:5)
  2 oozes
  2 adder skeletons
  A worm (D:4)
  2 dart slugs (D:1)
  4 leopard geckos
  26 orcs
  2 spectral bats (Ossuary)
  A ball python (D:1)
  5 giant cockroaches
  6 goblins
  11 hobgoblins
  7 jackals
  11 kobolds
  2 quokkas
  6 bats
  5 bat simulacra (Ossuary)
  5 frilled lizards
  7 gnoll zombies (Ossuary)
  7 goblin zombies (Ossuary)
  2 hobgoblin zombies (Ossuary)
  2 kobold simulacra (Ossuary)
  4 kobold zombies (Ossuary)
  A leopard gecko skeleton (D:6)
  5 orc zombies (Ossuary)
  2 quokka skeletons (D:4)
  6 rats
  3 rat simulacra (Ossuary)
  2 spectral goblins (Ossuary)
  2 spectral kobolds (Ossuary)
  2 spectral rats (Ossuary)
230 creatures vanquished.

Vanquished Creatures (others)
  A slave (D:6)
  A bullfrog (D:6)
  2 wights (D:6)
  A worker ant (D:6)
  An iguana (D:6)
6 creatures vanquished.

Grand Total: 236 creatures vanquished

Notes
Turn   | Place    | Note
-------+----------+-------------------------------------------
     0 | D:1      | equalderp2856 the Minotaur Fighter began the quest for the Orb.
     0 | D:1      | Reached XP level 1. HP: 19/19 MP: 0/0
   114 | D:1      | Reached XP level 2. HP: 22/27 MP: 1/1
   321 | D:1      | Reached skill level 3 in Axes
   577 | D:1      | Reached XP level 3. HP: 33/33 MP: 2/2
  1161 | D:2      | Found a burning altar of Makhleb.
  1164 | D:2      | Reached skill level 1 in Dodging
  1164 | D:2      | Reached XP level 4. HP: 40/40 MP: 3/3
  1201 | D:2      | Found a basalt altar of Yredelemnul.
  1679 | D:2      | Reached skill level 4 in Axes
  1679 | D:2      | Reached XP level 5. HP: 46/46 MP: 4/4
  1979 | D:3      | Noticed Sigmund
  2125 | D:4      | Noticed an ogre
  2132 | D:4      | Killed an ogre
  2132 | D:4      | Reached skill level 5 in Shields
  2143 | D:4      | Noticed a phantom
  2143 | D:4      | Noticed an ogre
  2169 | D:5      | Entered Level 5 of the Dungeon
  2173 | D:5      | Reached XP level 6. HP: 26/52 MP: 5/5
  2351 | D:5      | HP: 1/52 [ogre/giant club (15)]
  2353 | D:5      | Reached skill level 5 in Axes
  2353 | D:5      | Reached skill level 5 in Armour
  2713 | D:5      | Found a shadowy altar of Dithmenos.
  2825 | D:5      | Found a snail-covered altar of Cheibriados.
  2862 | D:5      | Reached XP level 7. HP: 60/60 MP: 6/6
  2927 | D:5      | Reached skill level 6 in Axes
  2976 | D:5      | Found Gimpext's Antique Weapon Shop.
  3283 | D:6      | Noticed Pikel
  3302 | D:6      | Killed Pikel
  3302 | D:6      | Reached skill level 5 in Fighting
  3302 | D:6      | Reached skill level 8 in Axes
  3302 | D:6      | Reached XP level 8. HP: 45/68 MP: 7/7
  3525 | D:6      | Reached skill level 1 in Stealth
  3537 | D:6      | Found a sand-covered staircase.
  3546 | Ossuary  | Entered an ossuary
  4236 | D:6      | Noticed Duvessa
  4237 | D:6      | Noticed Dowan
  4273 | D:6      | Killed Duvessa
  4406 | D:6      | Killed Dowan
  4406 | D:6      | Reached skill level 9 in Axes
  4434 | D:6      | Found a hazy altar of Hepliaklqana.
  4854 | D:6      | Found a shimmering altar of Xom.
  4854 | D:6      | Found a white marble altar of Elyvilon.
  4877 | D:6      | Noticed Menkaure
  4882 | D:6      | Killed Menkaure
  5339 | D:4      | Reached XP level 9. HP: 74/75 MP: 8/8
  5564 | D:4      | Found a deep blue altar of Sif Muna.
  5899 | D:3      | Killed Sigmund
  5899 | D:3      | Reached skill level 10 in Axes
  6032 | D:3      | Noticed Terence
  6046 | D:3      | Killed Terence
  6057 | D:3      | Found an opulent altar of Gozag.
  6373 | D:3      | Found an ancient bone altar of Kikubaaqudgha.
  6583 | D:6      | Noticed a two-headed ogre
  6591 | D:6      | Killed a two-headed ogre
  7218 | D:7      | Reached skill level 11 in Axes
  7467 | D:7      | Reached XP level 10. HP: 84/84 MP: 9/9
  7640 | D:7      | Found a staircase to the Ecumenical Temple.
  8238 | D:8      | Found a hide-covered altar of Uskayaw.
  8264 | D:8      | Noticed a two-headed ogre
  8277 | D:8      | Killed a two-headed ogre
  8307 | D:8      | Noticed a two-headed ogre
  8778 | D:8      | Noticed Joseph
  8789 | D:8      | Killed Joseph
  8826 | D:8      | Noticed Erica
  8834 | D:8      | Gained mutation: You are partially covered in slimy green scales. (AC +2) [potion of mutation]
  8834 | D:8      | Gained mutation: Armour fits poorly on your strangely shaped body. [potion of mutation]
  8834 | D:8      | Gained mutation: You evolve. [potion of mutation]
  8843 | D:8      | HP: 2/86 [something (11)]
  8844 | D:8      | Succumbed to Erica's bolt of poison

Skill      XL: |  1  2  3  4  5  6  7  8  9 10 |
---------------+-------------------------------+-----
Shields        | 4 5 6 7 8 |  8.9
Axes           | 3 4 5 8 9 11 | 11.9
Armour         | 4 5 6 8 |  8.6
Dodging        | 1 2 3 4 |  4.0
Fighting       | 4 5 6 7 |  7.5
Stealth        | 1 |  1.8
Evocations     | |  0.6

Action                   |  1- 3 |  4- 6 |  7- 9 | 10-12 || total
-------------------------+-------+-------+-------+-------++-------
Melee: War axe           |    67 |    97 |   423 |    69 ||   656
       Headbutt          |     8 |    18 |    82 |    20 ||   128
Evoke: Wand              |       |       |     4 |       ||     4
  Use: Scroll            |     2 |       |     9 |       ||    11
       Potion            |       |     1 |       |     1 ||     2
 Stab: Sleeping          |       |       |     1 |       ||     1
  Eat: Chunk             |       |     6 |    12 |     2 ||    20
       Royal jelly       |       |       |     2 |       ||     2
Armor: Scale mail        |    32 |    29 |   150 |       ||   211
       Chain mail        |       |       |    38 |    30 ||    68
Dodge: Dodged            |    23 |    43 |   117 |    19 ||   202
Block: Shield            |    44 |    82 |   191 |    22 ||   339
